 Dungeon Crawl Stone Soup version 0.19.5 (webtiles) character file.

462 Jynx the Purveyor of Pain (level 6, -5/41 HPs)
             Began as a Vampire Necromancer on Apr 17, 2017.
             Was an Initiate of Kikubaaqudgha.
             Killed by divine providence
             ... invoked by an orc priest
              (13 damage)
             ... on level 5 of the Dungeon.
             The game lasted 00:14:14 (6393 turns).

Jynx the Purveyor of Pain (Vampire Necromancer)     Turns: 6393, Time: 00:14:16

Health: -5/41      AC:  3    Str:  7    XL:     6   Next: 79%
Magic:  10/10      EV: 12    Int: 17    God:    Kikubaaqudgha [......]
Gold:   145        SH:  0    Dex: 17    Spells: 4 memorised, 2 levels left

rFire  . . .     SeeInvis +     s - -2 dagger (curse)
rCold  . . .     Gourm    .     k - +0 leather armour "Tipp" {MR+} (curse)
rNeg   + . .     Faith    .     (no shield)
rPois  .         Spirit   .     (no helmet)
rElec  .         Reflect  .     (no cloak)
rCorr  .         Harm     .     (no gloves)
MR     +....                    (no boots)
Stlth  +++.......               (no amulet)
                                (no ring)
                                (no ring)

@: no status effects
A: fangs 3, see invisible, unbreathing
a: Bat Form, Renounce Religion


You were on level 5 of the Dungeon.
You worshipped Kikubaaqudgha.
Kikubaaqudgha was noncommittal.
You were not thirsty.

You visited 1 branch of the dungeon, and saw 5 of its levels.

You collected 145 gold pieces.

Inventory:

Hand Weapons
 i - a +2 dagger
 s - a cursed -2 dagger (weapon)
Armour
 a - a +1 robe
 k - the cursed +0 leather armour "Tipp" (worn) {MR+}
   (You found it on level 4 of the Dungeon)

   It affects your resistance to hostile enchantments.
   It has a curse placed upon it.
Wands
 r - a wand of digging (16/24)
Scrolls
 c - 3 scrolls of recharging
 f - a scroll of fog
 j - a scroll of noise
Potions
 d - a potion of haste {unknown}
 e - 2 potions of ambrosia {unknown}
 g - 5 potions of curing {unknown}
 h - 3 potions of might {unknown}
 l - a potion of degeneration {unknown}
 m - a potion of heal wounds {unknown}
 o - a potion of cure mutation {unknown}
 p - a potion of brilliance {unknown}
 q - a potion of flight {unknown}
Books
 b - a book of Necromancy

   Spells                             Type                      Level
   a - Pain                           Necromancy                   1
   b - Animate Skeleton               Necromancy                   1
   c - Vampiric Draining              Necromancy                   3
   d - Regeneration                   Charms/Necromancy            3
   e - Animate Dead                   Necromancy                   4
   f - Control Undead                 Necromancy                   4


   Skills:
 + Level 2.9 Short Blades
 - Level 2.1 Dodging
 + Level 5.7 Stealth
 + Level 3.3 Spellcasting
 * Level 6.9 Necromancy


You had 2 spell levels left.
You knew the following spells:

 Your Spells              Type           Power        Failure   Level  Hunger
a - Pain                  Necr           ####         1%          1    None
b - Animate Skeleton      Necr           N/A          1%          1    None
c - Vampiric Draining     Necr           ####......   6%          3    ###....
d - Animate Dead          Necr           N/A          17%         4    ####...


Dungeon Overview and Level Annotations

Branches:
Dungeon (5/15)             Temple (0/1) D:4

Altars:
Ashenzari
Cheibriados
Dithmenos
Gozag
Hepliaklqana
Kikubaaqudgha
Qazlal
Ru
Sif Muna
Trog
Xom
Yredelemnul
Zin


Innate Abilities, Weirdness & Mutations

You have razor-sharp teeth.
You have supernaturally acute eyesight. (SInv)
You can survive without breathing.


Message History

Anything else - Cancel.
Gang up on whom?
Press: ? - help, Dir - move target cursor, f - orc priest
Aim: an orc priest, wielding a dagger and wearing a shiny scale mail Attack!
The orc shouts! x2
The orc priest hits you with a dagger.
The orc shouts!
The orc priest shouts!
You hit the orc priest but do no damage.
The orc priest mumbles some strange prayers to Beogh against you.
Beogh smites you! The orc priest hits you with a dagger.
You hit the orc priest but do no damage.
The orc priest invokes the aid of Beogh against you.
Beogh smites you!
* * * LOW HITPOINT WARNING * * *
The orc priest mumbles some strange prayers to Beogh against you.
Beogh smites you!
You die...
Kikubaaqudgha rasps: "You have failed me!
Welcome... oblivion!"

....#...#.#####
_...+...Z.....#
....#...#.###..###
......###..## ..#### ##
.....#......####....#...
+.#.⌠#..###.#...........
..####.. #..Z....%...o.
..# ... ###....Zoo....
.. .... #..Z@o.o....
###.#. #........... ..#.
#....!...... #
.............
##............
###..........
##....##### .## #...##
####<.##.#


You could see 2 orc priests, 3 orcs, a jackal skeleton and 2 friendly gnoll
skeletons.

Vanquished Creatures
  3 orc priests (D:4)
  Ijyb (D:2)
  Jessica (D:2)
  Natasha (thrice) (D:4)
  A worker ant (D:4)
  A hound skeleton (D:5)
  3 gnolls (D:5)
  4 adders
  2 oozes
  3 worms
  2 dart slugs
  3 leopard geckos
  11 orcs
  2 ball pythons (D:2)
  14 bats
  7 giant cockroaches
  7 goblins
  12 hobgoblins
  17 jackals
  A quokka (D:4)
  2 frilled lizards
  5 kobolds
  6 rats
111 creatures vanquished.

Vanquished Creatures (collateral kills)
  2 orcs (D:4)
2 creatures vanquished.

Vanquished Creatures (others)
  A goblin (D:3)
1 creature vanquished.

Grand Total: 114 creatures vanquished

Notes
Turn   | Place    | Note
-------+----------+-------------------------------------------
     0 | D:1      | Jynx the Vampire Necromancer began the quest for the Orb.
     0 | D:1      | Reached XP level 1. HP: 13/13 MP: 3/3
   427 | D:1      | Reached XP level 2. HP: 17/19 MP: 1/5
   894 | D:1      | Reached skill level 5 in Necromancy
  1334 | D:1      | Reached XP level 3. HP: 24/24 MP: 4/6
  1873 | D:1      | Learned a level 1 spell: Animate Skeleton
  1877 | D:1      | Learned a level 3 spell: Vampiric Draining
  1926 | D:2      | Noticed Jessica
  2027 | D:2      | Killed Jessica
  2027 | D:2      | Reached skill level 1 in Short Blades
  2027 | D:2      | Reached XP level 4. HP: 28/30 MP: 3/7
  2241 | D:2      | Noticed Ijyb
  2576 | D:2      | Killed Ijyb
  2779 | D:2      | Reached XP level 5. HP: 34/35 MP: 6/9
  3245 | D:2      | Learned a level 4 spell: Animate Dead
  3707 | D:3      | Found a snail-covered altar of Cheibriados.
  4122 | D:3      | Reached skill level 6 in Necromancy
  4180 | D:3      | Found a shadowy altar of Dithmenos.
  4181 | D:3      | Found a glowing silver altar of Zin.
  4183 | D:3      | Found an opulent altar of Gozag.
  4183 | D:3      | Found a deep blue altar of Sif Muna.
  4185 | D:3      | Found a bloodstained altar of Trog.
  4186 | D:3      | Found an ancient bone altar of Kikubaaqudgha.
  4212 | D:3      | Became a worshipper of Kikubaaqudgha
  4255 | D:3      | Found a sacrificial altar of Ru.
  4671 | D:4      | Reached skill level 5 in Stealth
  5000 | D:4      | Reached XP level 6. HP: 8/41 MP: 0/10
  5327 | D:4      | Found a shimmering altar of Xom.
  5329 | D:4      | Found an ancient bone altar of Kikubaaqudgha.
  5329 | D:4      | Found a shattered altar of Ashenzari.
  5331 | D:4      | Found a hazy altar of Hepliaklqana.
  5331 | D:4      | Found a stormy altar of Qazlal.
  5331 | D:4      | Found a basalt altar of Yredelemnul.
  5377 | D:4      | Noticed Natasha
  5385 | D:4      | Killed Natasha
  5843 | D:4      | Found a staircase to the Ecumenical Temple.
  5978 | D:4      | Noticed Natasha
  5984 | D:4      | Killed Natasha
  6106 | D:4      | Noticed Natasha
  6121 | D:4      | Killed Natasha
  6145 | D:4      | Got a distressingly furry leather armour
  6156 | D:4      | Identified the cursed +0 leather armour "Tipp" {MR+} (You found it on level 4 of the Dungeon)
  6198 | D:5      | Entered Level 5 of the Dungeon
  6249 | D:5      | Found a shattered altar of Ashenzari.
  6393 | D:5      | Killed from afar by an orc priest

Skill      XL: |  1  2  3  4  5 |
---------------+----------------+-----
Necromancy     | 5 6 |  6.9
Short Blades   | 1 2 |  2.9
Stealth        | 4 5 |  5.7
Spellcasting   | 3 |  3.3
Dodging        | |  2.1

Action                   |  1- 3 |  4- 6 || total
-------------------------+-------+-------++-------
Melee: Unarmed           |    25 |       ||    25
       Bite              |     3 |     7 ||    10
       Dagger            |     3 |    50 ||    53
 Cast: Pain              |    72 |   143 ||   215
       Animate Skeleton  |       |     9 ||     9
       Vampiric Draining |       |     1 ||     1
       Animate Dead      |       |     2 ||     2
  Use: Scroll            |     1 |     7 ||     8
 Stab: Sleeping          |       |     7 ||     7
  Eat: Corpse            |     6 |    13 ||    19
Armor: Robe              |    21 |     1 ||    22
       Leather armour    |       |     4 ||     4
Dodge: Dodged            |    51 |    61 ||   112
